 Dungeon Crawl Stone Soup version 0.31-a0-868-g674d60d6f7 (webtiles) character file.

Game seed: 13027802786196333729

268 croobank the Sneak (level 6, -4/43 HPs)
             Began as an Octopode Delver on Oct 12, 2023.
             Killed by nerve-wracking pain
             ... invoked by an orc priest
              (9 damage)
             ... on level 3 of the Dungeon.
             The game lasted 00:06:21 (1950 turns).

croobank the Sneak (Octopode Delver)                Turns: 1950, Time: 00:06:21

Health: -4/43      AC:  1    Str: 12    XL:     6   Next: 21%
Magic:  6/6        EV: 14    Int: 14    God:
Gold:   304        SH:  0    Dex: 13    Spells: 5/5 levels left

rFire   . . .        a - +0 short sword
rCold   . . .        (no shield)
rNeg    . . .        (helmet restricted)
rPois   .            c - amulet of magic regeneration
rElec   .            (no ring)
rCorr   .            (no ring)
SInv    .            (no ring)
Will    .....        (no ring)
Stlth   +++++        (no ring)
HPRegen 0.27/turn    (no ring)
MPRegen 0.50/turn    (no ring)
                     (no ring)

%: no passive effects
@: no status effects
A: almost no armour, amphibious, 8 rings, camouflage 1, gelatinous body 1,
(nimble swimmer 1), tentacles
a: no special abilities


You were on level 3 of the Dungeon.
You visited 1 branch of the dungeon, and saw 6 of its levels.

You collected 304 gold pieces.

Inventory:

Hand Weapons
 a - a +0 short sword (weapon)
 b - a +0 war axe
 g - a +0 dagger
Armour
 e - a +1 kite shield
Magical Staves
 m - a staff of earth
Jewellery
 c - an amulet of magic regeneration (around mantle)
Wands
 f - a wand of digging (3)
Scrolls
 j - a scroll of teleportation
 k - 3 scrolls of revelation
Potions
 d - 2 potions of lignification {unknown}
 h - a potion of curing {unknown}
 i - 2 potions of cancellation {unknown}
 l - a potion of attraction {unknown}
 n - a potion of berserk rage {unknown}


   Skills:
 + Level 4.2 Fighting
 + Level 3.5 Short Blades
 + Level 3.5 Dodging
 + Level 7.9 Stealth


You had 5 spell levels left.
You didn't know any spells.
Your spell library was empty.

Dungeon Overview and Level Annotations

Branches:
Dungeon (6/15)
 Temple: D:4-7

Altars:

Annotations:
D:2 Terence


Innate Abilities, Weirdness & Mutations

You cannot wear most types of armour.
You are amphibious.
You can wear up to eight rings at the same time.
Your skin changes colour to match your surroundings (Stealth+).
Your rubbery body absorbs attacks. (AC +1, EV +1)
((You are camouflaged when in or above water. (Stealth+)))
You have tentacles for arms and can constrict up to eight enemies at once.


Message History

Beogh smites you!
A kobold comes into view. It is wielding a +0 short sword.
You closely miss the orc. Your grab misses the orc.
The orc hits you with a +0 club.
You barely miss the orc. Your grab misses the orc. The orc barely misses you.
You hit the orc. You grab the orc.
The orc is lightly wounded.
You constrict the orc. The orc barely misses you.
The orc priest miscasts a cantrip.
The orc hits you with a +0 short sword.
You hit the orc but do no damage.
The orc is moderately wounded.
You constrict the orc. You hit the orc.
You kill the orc!
The orc barely misses you.
The orc priest calls down the wrath of Beogh upon you.
Pain shoots through your body! The orc closely misses you.
Things that are here:
a +0 club; an orc corpse You hit the orc priest.
Your grab misses the orc priest.
The orc priest is moderately wounded.
The orc priest closely misses you. The orc hits you with a +0 short sword.
You barely miss the orc priest. You grab the orc priest.
The orc priest is moderately wounded.
You constrict the orc priest. The kobold barely misses you.
The orc priest hits you with a +0 mace. The orc hits you with a +0 short sword.
* * * LOW HITPOINT WARNING * * *
You hit the orc priest.
The orc priest is moderately wounded.
You constrict the orc priest. The kobold misses you.
The orc priest hits you with a +0 mace!
* * * LOW HITPOINT WARNING * * *
The orc misses you.
You hit the orc priest.
The orc priest is heavily wounded.
You constrict the orc priest. The kobold closely misses you.
The orc priest invokes the aid of Beogh against you.
Pain shoots through your body!
You die...

..# ... .. #...#
..###...###...###...#
(............K......#
.............. .....#
.............. ....#
..###...# #... #...#
..# ...# #... #.).#
..###...###...###o..#
....†..........K@...#
................o...#
.....############...#
..................###
..#..#.############
.....#.# .###.#.#
.###.#.# †......#


You could see an orc priest, an orc and a kobold.

Vanquished Creatures
  Sigmund (D:2)
  3 adders
  2 worms
  3 dart slugs
  3 orcs (D:3)
  7 ball pythons
  4 bats
  8 endoplasms
  A giant cockroach (D:2)
  6 goblins
  A hobgoblin (D:1)
  3 jackals (D:2)
  5 quokkas
  2 frilled lizards
  9 kobolds
  5 rats
63 creatures vanquished.

Notes
Turn   | Place    | Note
-------+----------+-------------------------------------------
     0 | D:5      | croobank the Octopode Delver began the quest for the Orb.
     0 | D:5      | Reached XP level 1. HP: 16/16 MP: 1/1
     1 | D:6      | Noticed a bullfrog
     1 | D:6      | Noticed a hound
     8 | D:5      | Noticed an orc priest
     8 | D:5      | Noticed an orc priest
    24 | D:5      | Reached XP level 2. HP: 6/21 MP: 2/2
   454 | D:2      | Reached XP level 3. HP: 20/26 MP: 3/3
   496 | D:2      | Reached skill level 7 in Stealth
   922 | D:1      | Reached XP level 4. HP: 31/31 MP: 4/4
  1479 | D:2      | Noticed Sigmund
  1495 | D:2      | Killed Sigmund
  1496 | D:2      | Reached XP level 5. HP: 27/37 MP: 5/5
  1496 | D:2      | Reached XP level 6. HP: 32/43 MP: 6/6
  1616 | D:2      | Noticed Terence
  1950 | D:3      | Killed from afar by an orc priest

Illustrated notes

Levels and vault maps discovered:
D:1:      nicolae_arrival_memento_mori, layout_basic, kennysheep_doodads,
          minivault_19
D:2:      layout_rooms, uniq_terence, uniq_sigmund
D:3:      layout_loops_cross, kennysheep_boxes
D:4:      layout_loops_ring, ebering_ghost_gozag, serial_forest,
          infiniplex_forest_lined_room_2, infiniplex_forest_lined_room_2,
          infiniplex_forest_lined_2, infiniplex_forest_clump_diagonal,
          infiniplex_forest_straight_3, infiniplex_forest_lined_1,
          infiniplex_forest_end_2, infiniplex_forest_end_2,
          infiniplex_forest_end_3, infiniplex_forest_clump_tiny
D:5:      layout_rooms, amcnicky_altar_gilded, mainiacjoe_overflow_alcove_1,
          minmay_splitting_lines, minmay_holes, nicolae_nh_ransacked_shop
D:6:      layout_cave_pools, minmay_temple_entry_drinking_statues, st_stairs_5,
          nicolae_the_louvre

Skill      XL: |  1  2  3  4 |
---------------+-------------+-----
Stealth        | 7 |  7.9
Fighting       | 4 |  4.2
Short Blades   | 3 |  3.5
Dodging        | 3 |  3.5

Action                     |  1- 3 |  4- 6 || total
---------------------------+-------+-------++-------
  Melee: Short sword       |    62 |    68 ||   130
         Constrict         |    18 |    13 ||    31
         Tentacles         |    13 |    15 ||    28
         Punch             |       |     1 ||     1
    Use: Scroll            |     3 |     4 ||     7
         Potion            |     1 |       ||     1
   Stab: Sleeping          |     6 |    13 ||    19
 Armour: Skin              |    21 |    18 ||    39
  Dodge: Dodged            |    24 |    36 ||    60

Table legend: (Time is in decaauts)
 A = Elapsed time spent in this place.
 B = Non-inter-level travel time spent in this place.
 C = Inter-level travel time spent in this place.
 D = Time resting spent in this place.
 E = Time spent auto-exploring this place.
 F = Levels seen in this place.
 G = Mean time per level.
                   A        B        C        D        E       F      G
               +--------+--------+--------+--------+--------+-----+--------+
         Total |   1911 |   1863 |     48 |    228 |   1065 |   6 |  318.5 |
       Dungeon |   1911 |   1863 |     48 |    228 |   1065 |   6 |  318.5 |
               +--------+--------+--------+--------+--------+-----+--------+

Top non-repeatable levels by time:
     D:1: 785 daAuts
     D:3: 436 daAuts
     D:2: 410 daAuts
     D:4: 229 daAuts
     D:5: 47 daAuts
     D:6: 1 daAuts
